 Dungeon Crawl Stone Soup version 0.31-a0-196-g86fe4a5e66 (webtiles) character file.

Game seed: 8756675427910975236

65 qw the Shooter (level 3, -1/20 HPs)
             Began as a Deep Elf Hunter on June 24, 2023.
             Succumbed to an adder's poison
             ... on level 2 of the Dungeon.
             The game lasted 00:00:30 (926 turns).

qw the Shooter (Deep Elf Hunter)                     Turns: 926, Time: 00:00:30

Health: -1/20      AC:  3    Str: 10    XL:     3   Next: 94%
Magic:  5/5        EV: 12    Int: 13    God:
Gold:   116        SH:  0    Dex: 18    Spells: 2/2 levels left

rFire   . . .        Y - +0 shortbow
rCold   . . .        (shield currently unavailable)
rNeg    . . .        c - +0 leather armour
rPois   .            (no helmet)
rElec   .            (no cloak)
rCorr   .            (no gloves)
SInv    .            (no boots)
Will    .....        d - amulet of the acrobat
Stlth   ++           (no ring)
HPRegen 0.23/turn    (no ring)
MPRegen 0.09/turn

%: acrobat
@: lethally poisoned (-1 -> -6)
A: no striking features
a: no special abilities


You were on level 2 of the Dungeon.
You visited 1 branch of the dungeon, and saw 2 of its levels.

You collected 116 gold pieces.


   Skills:
 - Level 1.5 Fighting
 + Level 7.4 Ranged Weapons
 - Level 2.4 Dodging
 - Level 1.2 Stealth


You had 2 spell levels left.
You didn't know any spells.
Your spell library was empty.

Inventory:

Hand Weapons
 Y - a +0 shortbow (weapon)
Armour
 a - a +0 ring mail
 b - a +0 ring mail of cold resistance
 c - a +0 leather armour (worn)
Jewellery
 d - an amulet of the acrobat (around neck)
Scrolls
 f - 2 scrolls of identify
Potions
 e - a potion of heal wounds {unknown}

Dungeon Overview and Level Annotations

Branches:
Dungeon (2/15)

Altars:


Message History

You shoot an arrow. The arrow hits the adder!
The adder is severely wounded.
You shoot an arrow. The arrow barely misses the adder.
The adder bites you.
You are poisoned.
The adder poisons you!
You shoot an arrow. The arrow hits the adder.
The adder is almost dead.
You feel sick. The adder bites you but does no damage.
You shoot an arrow. The arrow completely misses the adder.
You feel sick. The adder bites you.
You are more poisoned.
The adder poisons you!
You shoot an arrow. The arrow closely misses the adder.
You feel sick. The adder barely misses you. The adder closely misses you.
You shoot an arrow. The arrow hits the adder.
The adder is almost dead.
You feel sick. The adder barely misses you.
You shoot an arrow. The arrow barely misses the adder.
You feel sick. The adder bites you. The adder closely misses you.
You shoot an arrow. The arrow closely misses the adder.
You feel sick. The adder closely misses you.
You shoot an arrow. The arrow misses the adder.
You feel sick. The adder barely misses you.
You shoot an arrow. The arrow misses the adder.
You feel sick. The adder closely misses you.
The adder bites you but does no damage.
You shoot an arrow. The arrow closely misses the adder.
You feel sick.
You are no longer poisoned.
The adder bites you.
You shoot an arrow. The arrow misses the adder.
The adder barely misses you.
You shoot an arrow. The arrow barely misses the adder.
The adder barely misses you. The adder bites you.
You are lethally poisoned!
The adder poisons you!
You shoot an arrow. The arrow hits the adder.
The adder is almost dead.
You die...

#% #..##
##.
##:.##
...
##..# .7
+..# ...
##..#
##.
##..##
#.##..##
#S#..##
#.@.##
#####


You could see an adder.

Vanquished Creatures
  2 adders (D:2)
  2 dart slugs (D:2)
  3 ball pythons (D:2)
  4 bats
  3 endoplasms
  2 giant cockroaches
  4 goblins
  5 hobgoblins
  4 jackals (D:2)
  4 frilled lizards
  4 kobolds
  5 rats (D:1)
42 creatures vanquished.

Notes
Turn   | Place    | Note
-------+----------+-------------------------------------------
     0 | D:1      | qw the Deep Elf Hunter began the quest for the Orb.
     0 | D:1      | Reached XP level 1. HP: 12/12 MP: 3/3
     0 | D:1      | 0 ||| qw: Version: 0.3-a-9-g12657ce
     0 | D:1      | 0 ||| qw: Game counter: 4818
     0 | D:1      | 0 ||| qw: Always use a shield: true
     0 | D:1      | 0 ||| qw: God list: Okawaru
     0 | D:1      | 0 ||| qw: Allow faded altars: false
     0 | D:1      | 0 ||| qw: Do Orc after D:15 true
     0 | D:1      | 0 ||| qw: Do second Lair branch before Depths: true
     0 | D:1      | 0 ||| qw: Lair rune preference: random
     0 | D:1      | 0 ||| qw: Plans: Normal
     0 | D:1      | 0 ||| PLANNING D:1-11
   193 | D:1      | Reached XP level 2. HP: 16/16 MP: 4/4
   219 | D:1      | Reached skill level 6 in Ranged Weapons
   491 | D:1      | 491 ||| UPGRADING to amulet of the acrobat.
   496 | D:1      | 496 ||| READING scroll labelled DUFI JA ESUSO.
   497 | D:1      | 497 ||| READING scroll labelled EPLO SECRO.
   498 | D:1      | 498 ||| DROPPING scroll of butterflies.
   545 | D:2      | Reached XP level 3. HP: 20/20 MP: 5/5
   566 | D:2      | 566 ||| FLEEEEING.
   567 | D:2      | 567 ||| FLEEEEING.
   568 | D:2      | 568 ||| FLEEEEING.
   569 | D:2      | 569 ||| FLEEEEING.
   583 | D:2      | 583 ||| FLEEEEING.
   584 | D:2      | 584 ||| STAIRDANCE
   653 | D:2      | Reached skill level 7 in Ranged Weapons
   878 | D:2      | 878 ||| FLEEEEING.
   922 | D:2      | HP: 5/20 [poisoned by an adder]
   923 | D:2      | HP: 1/20 [adder (3)]
   926 | D:2      | Succumbed to an adder's poison

Levels and vault maps discovered:
D:1:      saegor_arrival_simple_e, layout_basic, roderic_filled_cross
D:2:      layout_loops_ring, reono_crystal_passage, grunt_ministairs_14,
          ebering_dispersal_statue_hall, minmay_close_crescents

Skill      XL: |  1  2  3 |
---------------+----------+-----
Ranged Weapons | 6 7 |  7.4
Fighting       | |  1.5
Dodging        | |  2.4
Stealth        | |  1.2

Action                     || total
---------------------------++-------
   Fire: Shortbow          ||   126
    Use: Scroll            ||     2
 Armour: Leather armour    ||     9
  Dodge: Dodged            ||    32

Table legend:
 A = Non-vault XP
 B = Vault XP
 C = Vault XP percentage of total XP
 D = Non-vault monster count
 E = Vault monster count
 F = Vault count percentage of total count
                 A         B        C        D         E       F
            +---------+---------+-------+---------+---------+-------
      Total |      90 |       4 |   4.3 |      40 |       2 |   4.8
            +---------+---------+-------+---------+---------+-------
        D:1 |      26 |       0 |   0.0 |      18 |       0 |   0.0
        D:2 |      64 |       4 |   5.9 |      22 |       2 |   8.3
            +---------+---------+-------+---------+---------+-------
